 Dungeon Crawl Stone Soup version 0.32-a0-361-g289a535e89 (webtiles) character file.

Game seed: 2764988565399115989

112 Ruich the Gusty (level 4, -1/24 HPs)
             Began as a Tengu Air Elementalist on Feb 18, 2024.
             Killed by their own static electricity (2 damage)
             ... on level 3 of the Dungeon.
             The game lasted 00:06:43 (2624 turns).

Ruich the Gusty (Tengu Air Elementalist)            Turns: 2624, Time: 00:06:43

Health: -1/24      AC:  2    Str: 11    XL:     4   Next: 95%
Magic:  4/10       EV: 12    Int: 15    God:
Gold:   124        SH:  0    Dex: 14    Spells: 6/9 levels left

rFire   . . .        f - +1 trident (flame)
rCold   . . .        (no shield)
rNeg    . . .        a - +0 robe
rPois   .            (helmet restricted)
rElec   .            (no cloak)
rCorr   .            (no gloves)
SInv    .            (boots unavailable)
Will    .....        (no amulet)
Stlth   ++           (no ring)
HPRegen 0.24/turn    (no ring)
MPRegen 0.12/turn

%: acrobat
@: no status effects
A: beak, talons 3, acrobatic
a: no special abilities


You were on level 3 of the Dungeon.
You visited 1 branch of the dungeon, and saw 3 of its levels.

You collected 124 gold pieces.


Innate Abilities, Weirdness & Mutations

You have a beak for a mouth.
You have claws for feet.
You can magically evade attacks while moving or waiting.


   Skills:
 - Level 2.2 Dodging
 - Level 2.0 Stealth
 + Level 3.4 Spellcasting
 - Level 1.4 Conjurations
 + Level 5.8 Air Magic


You had 6 spell levels left.
You knew the following spells:

 Your Spells              Type           Power      Damage    Failure   Level
t - Static Discharge      Conj/Air       26%        3-5/arc   6%          2
z - Shock                 Conj/Air       52%        1d6       4%          1

Your spell library contained the following spells:

 Spells                   Type           Power      Damage    Failure   Level
 Swiftness                Air            20%        N/A       5%          3
 Airstrike                Air            10%        2d(2-18)  17%         4

Inventory:

Hand Weapons
 f - a +1 trident of flaming (weapon)
Armour
 a - a +0 robe (worn)
Jewellery
 c - a ring of flight
Scrolls
 d - 2 scrolls of noise {unknown}
 g - 2 scrolls of identify {unknown}
 h - a scroll of amnesia {unknown}
 k - a scroll of teleportation {unknown}
Potions
 b - a potion of magic
 i - a potion of attraction {unknown}
 j - a potion of lignification {unknown}
 l - a potion of mutation {unknown}

Dungeon Overview and Level Annotations

Branches:
Dungeon (3/15)

Altars:

Shops:
D:3

=:
##########
#........#
+....>...#
#........#
#)#)#....#
#.@∩.+#
###.#.#
#$..# ##..#
##.# #.# #.#
##########.#
.........#.#


There were no monsters in sight!


Message History

The orc is struck by an arc of lightning.
The orc is heavily wounded.
You are struck by an arc of lightning.
The lightning grounds out.
The orc is struck by an arc of lightning.
The orc is heavily wounded.
You are struck by an arc of lightning.
The orc shouts!
The orc hits you with a +0 mace. The orc hits you with a +0 war axe!
* * * LOW HITPOINT WARNING * * *
Unknown command.
Casting: Static Discharge (safe; 7% risk of failure)
Confirm with . or Enter, or press ? or * to list all spells.
The orc is struck by an arc of lightning.
You kill the orc!
You are struck by an arc of lightning.
* * * LOW HITPOINT WARNING * * *
The orc is struck by an arc of lightning.
You kill the orc!
The lightning grounds out.
Unknown command.
Casting: Static Discharge (safe; 6% risk of failure)
Confirm with . or Enter, or press ? or * to list all spells.
The orc is struck by an arc of lightning.
The orc is heavily wounded.
You are struck by an arc of lightning.
* * * LOW HITPOINT WARNING * * *
The orc is struck by an arc of lightning.
You kill the orc!
You are struck by an arc of lightning.
You die...

Skill      XL: |  1  2  3 |
---------------+----------+-----
Air Magic      | 5 |  5.8
Spellcasting   | 3 |  3.4
Dodging        | |  2.2
Stealth        | |  2.0
Conjurations   | |  1.4

Action                     |  1- 3 |  4- 6 || total
---------------------------+-------+-------++-------
   Cast: Shock             |    55 |    10 ||    65
         Static Discharge  |     2 |     9 ||    11
    Use: Scroll            |       |     1 ||     1
 Armour: Robe              |    11 |    17 ||    28
  Dodge: Dodged            |     3 |     4 ||     7

Levels and vault maps discovered:
D:1:      nicolae_arrival_washed_ashore, layout_loops_cross,
          chequers_ecumenical_altar_island, chequers_serial_rivers_small_3
D:2:      layout_loops_ring, minmay_rat_gold_closets
D:3:      layout_basic, serial_shops, shop, nicolae_shop_crystal, shop,
          nicolae_nh_oracle_at_delphi, uniq_grinder, uniq_robin, uniq_jessica

Notes
Turn   | Place    | Note
-------+----------+-------------------------------------------
     0 | D:1      | Ruich the Tengu Air Elementalist began the quest for the
                  | Orb.
     0 | D:1      | Reached XP level 1. HP: 10/10 MP: 4/4
    11 | D:1      | You fall into a shaft and drop 1 floor!
    98 | D:1      | Found a faded altar of an unknown god.
   192 | D:1      | Reached XP level 2. HP: 15/15 MP: 3/6
   796 | D:1      | Reached XP level 3. HP: 19/19 MP: 5/7
  1278 | D:1      | Learned a level 2 spell: Static Discharge
  1531 | D:2      | Reached skill level 5 in Air Magic
  1810 | D:2      | Reached skill level 3 in Spellcasting
  1837 | D:2      | Reached XP level 4. HP: 13/24 MP: 1/9
  2364 | D:3      | Found Aviqon's Book Boutique.
  2365 | D:3      | Noticed Jessica
  2373 | D:3      | Killed Jessica
  2615 | D:3      | Found Qosic's Jewellery Emporium.
  2624 | D:3      | HP: 1/24 [/static electricity (3)]
  2624 | D:3      | Killed from afar by themself

Vanquished Creatures
  Jessica (D:3)
  An adder (D:2)
  A dart slug (D:1)
  4 orcs (D:3)
  4 endoplasms
  2 giant cockroaches
  3 goblins
  4 hobgoblins
  5 ball pythons
  4 bats
  A frilled lizard (D:1)
  2 kobolds (D:3)
  12 rats
44 creatures vanquished.

Table legend: (Time is in decaauts)
 A = Elapsed time spent in this place.
 B = Non-inter-level travel time spent in this place.
 C = Inter-level travel time spent in this place.
 D = Time resting spent in this place.
 E = Time spent auto-exploring this place.
 F = Levels seen in this place.
 G = Mean time per level.
                   A        B        C        D        E       F      G
               +--------+--------+--------+--------+--------+-----+--------+
         Total |   2630 |   2592 |     38 |   1157 |   1072 |   3 |  876.7 |
       Dungeon |   2630 |   2592 |     38 |   1157 |   1072 |   3 |  876.7 |
               +--------+--------+--------+--------+--------+-----+--------+

Top non-repeatable levels by time:
     D:1: 1273 daAuts
     D:2: 862 daAuts
     D:3: 495 daAuts

Table legend:
 A = Non-vault XP
 B = Vault XP
 C = Vault XP percentage of total XP
 D = Non-vault monster count
 E = Vault monster count
 F = Vault count percentage of total count
                 A         B        C        D         E       F
            +---------+---------+-------+---------+---------+-------
      Total |     113 |      52 |  31.5 |      36 |       8 |  18.2
            +---------+---------+-------+---------+---------+-------
        D:1 |      44 |       0 |   0.0 |      16 |       0 |   0.0
        D:2 |      42 |      14 |  25.0 |      12 |       7 |  36.8
        D:3 |      27 |      38 |  58.5 |       8 |       1 |  11.1
            +---------+---------+-------+---------+---------+-------
